 Dungeon Crawl Stone Soup version 0.19.5 (webtiles) character file.

2949 Hector the Cleaver (level 9, -1/102 HPs)
             Began as a Demigod Fighter on Apr 3, 2017.
             Slain by an orc warrior
             ... wielding a +0 dire flail
              (27 damage)
             ... on level 7 of the Dungeon.
             The game lasted 00:12:43 (5907 turns).

Hector the Cleaver (Demigod Fighter)                Turns: 5907, Time: 00:12:43

Health: -1/102     AC: 13    Str: 28    XL:     9   Next: 27%
Magic:  12/12      EV: 11    Int: 12    God:
Gold:   299        SH:  0    Dex: 21    Spells: 0 memorised, 8 levels left

rFire  . . .     SeeInvis .     y - +0 battleaxe
rCold  . . .     Gourm    .     t - +3 ring mail
rNeg   . . .     Faith    .     (shield currently unavailable)
rPois  +         Spirit   .     C - +1 hat
rElec  .         Reflect  .     G - +0 cloak
rCorr  .         Harm     +     (no gloves)
MR     .....                    A - +0 pair of boots
Stlth  ..........               F - amulet of harm
                                e - ring of poison resistance
                                B - +4 ring of dexterity

@: berserking, very quick
A: iridescent scales 1, high mp 1
a: no special abilities


You were on level 7 of the Dungeon.
You were hungry.

You visited 1 branch of the dungeon, and saw 7 of its levels.

You collected 299 gold pieces.

Inventory:

Hand Weapons
 a - a +0 trident
 r - a +1 whip of flaming
 y - a +0 battleaxe (weapon)
 P - a +0 dire flail
 R - a +0 long sword of venom
Armour
 c - a +0 shield
 t - a +3 ring mail (worn)
 A - a +0 pair of boots (worn)
 C - a +1 hat (worn)
 G - a +0 cloak (worn)
Magical Staves
 H - an uncursed staff of poison
Jewellery
 e - a ring of poison resistance (right hand)
 l - an uncursed ring of flight
 u - an uncursed ring of positive energy
 B - a +4 ring of dexterity (left hand)
 E - an uncursed ring of teleportation
 F - an amulet of harm (around neck)
Wands
 b - a wand of random effects (41/48)
 O - a wand of iceblast (6/15)
Scrolls
 h - 2 scrolls of identify
 i - 5 scrolls of teleportation
 j - 3 scrolls of amnesia {unknown}
 k - 3 scrolls of remove curse
 n - a scroll of random uselessness {unknown}
 o - 2 scrolls of magic mapping {unknown}
 s - a scroll of recharging {unknown}
 v - 2 scrolls of enchant weapon {unknown}
 J - a scroll of immolation {unknown}
 Q - 2 scrolls of enchant armour {unknown}
Potions
 d - a potion of might
 w - a potion of invisibility
 x - 2 potions of degeneration
 z - a potion of ambrosia
 D - 2 potions of brilliance
 I - a potion of agility
 K - a potion of haste
 L - a potion of resistance
 T - a potion of mutation {unknown}
 U - a potion of beneficial mutation
Comestibles
 f - 4 bread rations
 m - 2 slices of pizza
 p - 4 meat rations
 q - 7 fruits
 M - a beef jerky
 S - a royal jelly


   Skills:
 - Level 2.6 Fighting
 + Level 11.3(11.5) Axes
 - Level 2.0(7.5) Maces & Flails
 - Level 3.3(8.0) Polearms
 - Level 2.6 Armour
 + Level 0.6 Dodging
 - Level 2.6 Shields
 + Level 0.3 Evocations


You had 8 spell levels left.
You didn't know any spells.

Dungeon Overview and Level Annotations

Branches:
Dungeon (7/15)             Temple (0/1) D:4


Innate Abilities, Weirdness & Mutations

You have an increased reservoir of magic. (+10% MP)
You are partially covered in iridescent scales. (AC +2)


Message History

The orc warrior hits you with a dire flail.
* * * LOW HITPOINT WARNING * * *
Unknown command.
You barely miss the orc warrior.
The orc warrior is moderately wounded.
You hit the orc wizard.
The orc wizard hits you but does no damage.
The orc priest calls upon Beogh to heal the orc warrior.
The orc warrior is healed somewhat.
The orc warrior barely misses you.
You hit the orc warrior.
The orc warrior is moderately wounded.
You slice the orc wizard!!
You kill the orc wizard!
Your ring mail prevents you from hitting the orc warrior.
The orc warrior is moderately wounded.
The orc warrior barely misses you.
You closely miss the orc warrior.
The orc warrior is moderately wounded.
The orc warrior hits you with a dire flail!!
You die...

# ....######
#$..†o.##########
######o@)<.......
##########.#


You could see an orc warrior and an orc priest.

Vanquished Creatures
  The ghost of HouseofHex the Covered, a novice MiFi (D:4)
  Prince Ribbit (D:5)
  Grinder (D:3)
  2 orc warriors (D:6)
  A black bear (D:6)
  2 ice beasts
  An eye of draining (D:5)
  2 ogres
  A centaur (D:6)
  3 bullfrogs
  A scorpion (D:5)
  4 wights (D:6)
  2 howler monkeys
  2 crimson imps
  A hound (D:4)
  4 orc priests
  Jessica (D:3)
  Terence (D:3)
  An iguana (D:5)
  7 orc wizards
  4 worker ants
  Ijyb (D:3)
  2 hound zombies
  A hound skeleton (D:4)
  3 gnolls (D:6)
  6 river rats (D:4)
  8 adders
  4 adder skeletons
  8 worms
  A dart slug (D:2)
  2 leopard geckos
  27 orcs
  2 ball pythons
  4 giant cockroaches
  11 goblins
  8 hobgoblins
  7 jackals
  5 kobolds
  A quokka (D:3)
  6 bats
  7 frilled lizards
  A giant cockroach zombie (D:5)
  A quokka skeleton (D:4)
  23 rats
182 creatures vanquished.

Notes
Turn   | Place    | Note
-------+----------+-------------------------------------------
     0 | D:1      | Hector the Demigod Fighter began the quest for the Orb.
     0 | D:1      | Reached XP level 1. HP: 18/18 MP: 3/3
   206 | D:1      | Reached XP level 2. HP: 25/25 MP: 4/4
   732 | D:2      | Reached XP level 3. HP: 14/30 MP: 5/5
  1095 | D:2      | Reached skill level 1 in Maces & Flails
  1833 | D:2      | Reached XP level 4. HP: 35/37 MP: 6/6
  2144 | D:3      | Reached skill level 1 in Axes
  2169 | D:3      | Noticed Ijyb
  2185 | D:3      | Killed Ijyb
  2185 | D:3      | Reached skill level 2 in Axes
  2259 | D:3      | Gained mutation: You are partially covered in iridescent scales. (AC +2) [potion of beneficial mutation]
  2342 | D:3      | Noticed Grinder
  2347 | D:3      | Paralysed by Grinder for 5 turns
  2356 | D:3      | Killed Grinder
  2356 | D:3      | Reached skill level 4 in Axes
  2356 | D:3      | Reached XP level 5. HP: 24/42 MP: 7/7
  2356 | D:3      | Reached XP level 6. HP: 29/50 MP: 8/8
  2521 | D:3      | Noticed Terence
  2526 | D:3      | Killed Terence
  2529 | D:3      | Reached skill level 5 in Axes
  2559 | D:3      | Found a white marble altar of Elyvilon.
  2881 | D:3      | Noticed Jessica
  2888 | D:3      | Killed Jessica
  3172 | D:4      | Reached skill level 6 in Axes
  3172 | D:4      | Reached XP level 7. HP: 40/56 MP: 9/9
  3336 | D:4      | Noticed HouseofHex's ghost (novice MiFi)
  3348 | D:4      | Killed HouseofHex's ghost
  3348 | D:4      | Reached skill level 7 in Axes
  3539 | D:4      | Found a staircase to the Ecumenical Temple.
  3806 | D:4      | Reached skill level 8 in Axes
  3877 | D:5      | Entered Level 5 of the Dungeon
  3899 | D:5      | Reached XP level 8. HP: 59/62 MP: 11/11
  3923 | D:5      | Noticed Prince Ribbit
  3930 | D:5      | Killed Prince Ribbit
  3995 | D:5      | Reached skill level 9 in Axes
  4258 | D:5      | Found a shadowy altar of Dithmenos.
  4852 | D:6      | Reached skill level 10 in Axes
  4985 | D:6      | Reached XP level 9. HP: 40/68 MP: 12/12
  5477 | D:6      | Found an opulent altar of Gozag.
  5570 | D:6      | Reached skill level 11 in Axes
  5901 | D:7      | HP: 3/68 [orc warrior/dire flail (14)]
  5907 | D:7      | Slain by an orc warrior

Skill      XL: |  1  2  3  4  5  6  7  8  9 |
---------------+----------------------------+-----
Polearms       | 2 3 |  3.3
Maces & Flails | 2 |  2.0
Axes           | 4 6 8 10 11 | 11.3
Fighting       | |  2.6
Armour         | |  2.6
Dodging        | |  0.6
Shields        | |  2.6
Evocations     | |  0.3

Action                   |  1- 3 |  4- 6 |  7- 9 || total
-------------------------+-------+-------+-------++-------
Melee: Trident           |    85 |       |       ||    85
       Whip              |   103 |       |       ||   103
       Battleaxe         |       |   121 |   238 ||   359
  Use: Scroll            |       |     8 |     6 ||    14
       Potion            |       |     1 |     2 ||     3
 Stab: Sleeping          |       |       |     1 ||     1
  Eat: Chunk             |     2 |     6 |     8 ||    16
Armor: Scale mail        |    31 |       |       ||    31
       Ring mail         |    34 |    71 |   138 ||   243
Dodge: Dodged            |    32 |    78 |   122 ||   232
Block: Shield            |    63 |       |       ||    63
